AoeStats
← ThunderboltX

Arena

509674237Analyzed
1v1 RM · 6d ago on Sep 27, 2026· 30m 5s· 2 players
Game mode
Random Map
Map size
Tiny (2 player)
Population
200
Speed
Normal
Resources
Standard
Victory
Conquest
Starting age
Dark Age
Ending age
Imperial Age
RankedLock teamsTeams togetherTeam positionsShared explorationLock speedFull tech treeHidden civsTurbo modeCheats
Victory
Defeat
🇮🇱 Bengalis · Israel
2260
+22
🇧🇬 Goths · Bulgaria
2397
-22
ThunderboltX
9:56 Feudal Age
13:32 Castle Age
11:24 Double-Bit Axe
12:02 Horse Collar
15:25 Bow Saw
16:07 Stone Mining
19:05 Loom
23:23 Town Watch
24:20 Fletching
28:50 Wheelbarrow
JonSlow
10:42 Feudal Age
14:26 Castle Age
12:28 Double-Bit Axe
12:41 Loom
14:07 Gold Mining
13:57 Horse Collar
15:27 Bow Saw
17:08 Sanctity
17:41 Redemption
19:13 Fervor
25:54 Imperial Age
25:09 Scale Barding Armor
25:18 Stone Mining
25:31 Heavy Plow
26:03 Fletching
27:06 Illumination
26:57 Block Printing
27:18 Theocracy
Connection lost

Rejoining the realm…

Still unreachable

The connection could not be restored.

Session expired

The server has moved on; the page needs a fresh start.